cohdb
Replays
Latest Replays
All Replays
Popular Replays
Top Player Replays
Match Explorer
How It Works
Community
CoH3 Stats
Reddit
Sign in to upload your games and track your stats! →
Sign in with Steam
Match 39786975
Unlisted
Match 39786975
Overview
Messages
Build Orders
End
Engineer Squad
Construct Weapon Support Center
Selects Heavy Weapons
M1919 Machine Gun Team
Bazooka Squad
M1919 Machine Gun Team
Air Support Center
Construct Medical Station
Selects Assault Carriers
M3 Assault Carrier
M1919 Machine Gun Team
Grasshopper Recon Run
Selects M2HB .50cal Heavy Machine Gun
M1919 Machine Gun Team
Bazooka Squad
Bazooka Squad
.30 cal Machine Gun
Construct Tank Depot
M4A1 Sherman Medium Tank
Selects Exchangeable Parts
M1919 Machine Gun Team
P-47 Strafing Run
M4A1 Sherman Medium Tank
.30 cal Machine Gun
M4A1 Sherman Medium Tank
sharpshooter
DaMayzr
Esxile
sk23
0
0
Comments
sign in to comment!
No comments posted yet!